 Dungeon Crawl Stone Soup version 0.27.1-33-g824d729ab1 (webtiles) character file.

Game seed: 18035059193119504168

419 safid the Chopper (level 6, -2/56 HPs)
             Began as a Hill Orc Fighter on Nov 26, 2021.
             Slain by a water moccasin (5 damage)
             ... on level 3 of the Dungeon.
             The game lasted 00:05:17 (3687 turns).

safid the Chopper (Hill Orc Fighter)                Turns: 3687, Time: 00:05:18

Health: -2/56      AC:  6    Str: 18 (21) XL:     6   Next: 93%
Magic:  6/6        EV:  7    Int:  6 (8)  God:
Gold:   170        SH:  9    Dex:  9 (10) Spells: 5/5 levels left

rFire    . . .     SeeInvis .   a - +0 war axe
rCold    . . .     Faith    .   c - +0 kite shield
rNeg     . . .     Spirit   .   b - +0 scale mail
rPois    .         Reflect  .   (no helmet)
rElec    .         Harm     .   (no cloak)
rCorr    .         Rampage  .   (no gloves)
Will     .....                  (no boots)
Stlth    ..........             (no amulet)
HPRegen  0.18/turn              (no ring)
MPRegen  0.10/turn              (no ring)

@: lethally poisoned (-2 -> -11)
A: no striking features
a: no special abilities


You were on level 3 of the Dungeon.
You visited 1 branch of the dungeon, and saw 4 of its levels.

You collected 194 gold pieces.
You spent 24 gold pieces at shops.

Inventory:

Hand Weapons
 a - a +0 war axe (weapon)
Missiles
 k - 7 curare-tipped darts (quivered)
Armour
 b - a +0 scale mail (worn)
 c - a +0 kite shield (worn)
Scrolls
 e - 2 scrolls of noise {unknown}
 f - a scroll of fear {unknown}
 h - 3 scrolls of teleportation {unknown}
 j - a scroll of summoning {unknown}
 l - a scroll of enchant weapon {unknown}
 o - 2 scrolls of identify {unknown}
Potions
 d - a potion of might
 g - a potion of degeneration
 i - a potion of brilliance {unknown}
 m - a potion of heal wounds {unknown}
 n - a potion of haste {unknown}
 p - a potion of curing
 q - a potion of cancellation {unknown}


   Skills:
 - Level 5.0 Fighting
 + Level 6.4 Axes
 - Level 3.2 Armour
 + Level 5.8 Shields


You had 5 spell levels left.
You didn't know any spells.
Your spell library contained the following spells:

 Spells                   Type           Power      Damage    Failure   Level
 Portal Projectile        Hex/Tloc       0%         N/A       100%        3
 Blade Hands              Tmut           0%         N/A       100%        5
 Excruciating Wounds      Necr           0%         N/A       100%        5


Dungeon Overview and Level Annotations

Branches:
Dungeon (4/15)
 Temple: D:4-7

Altars:
Fedhas
Ru
Xom

Shops:
D:2 *

Annotations:
D:3 3 runed translucent doors, Fondut's ghost, amateur KoGl


Message History

The water moccasin bites you but does no damage.
The hound skeleton closely misses you.
It was a potion of degeneration.
There was something very wrong with that liquid.
You feel weakened.
You feel dopey.
You feel clumsy.
You feel sick.
The water moccasin bites you but does no damage.
The hound skeleton bites you but does no damage.
You block the water moccasin's attack.
It was a potion of curing.
You feel better. You block the hound skeleton's attack.
The water moccasin bites you but does no damage.
You block the hound skeleton's attack. The water moccasin bites you.
Things that are here:
a +0 dagger; a goblin corpse The hound skeleton barely misses you.
The water moccasin bites you but does no damage.
Things that are here:
a +0 whip; 3 stones The water moccasin bites you!
You block the water moccasin's attack.
There is a stone staircase leading up here.
You block the water moccasin's attack.
You climb upwards.
Level annotation: 3 runed translucent doors, Fondut's ghost, amateur KoGl
There is a stone staircase leading down here.
You slash the water moccasin!
The water moccasin is severely wounded.
The water moccasin bites you.
* * * LOW HITPOINT WARNING * * *
You are poisoned.
The water moccasin poisons you! The water moccasin bites you!
* * * LOW HITPOINT WARNING * * *
You hit the water moccasin.
The water moccasin is severely wounded.
* * * LOW HITPOINT WARNING * * *
You feel very sick. The water moccasin bites you.
You die...

#.........#####.#.......+.....
######.##.#######.......#####.
#...............############..
#.####.##.#####.#######...##..
#.......#.......#.........##.#
#.......###.#####.........##.#
#.####..# #...................
#.# ##.# #.#S##...........#.#
#.# #.# #.#@.............#.#
####.#####.#
#......####'####.#.#
#..........# ##.....# #.##
#.#.# #.####.##### #.....#
#.)# #.... #.# #.#
#.....#####)###.#.# #.# #.##
#####.............. #.# #..#
#######..###.#.##.#.#
#.#####.#
#..........#.#..#.#.#
#.#.....#
#...#......#.#.<#.#.#


You could see a water moccasin.

Vanquished Creatures
  Grinder (D:3)
  A water moccasin zombie (D:3)
  A centaur zombie (D:4)
  A hound (D:4)
  An iguana (D:4)
  3 gnolls (D:3)
  An adder (D:2)
  An ufetubus (D:4)
  2 dart slugs (D:1)
  4 ball pythons (D:1)
  4 endoplasms
  A giant cockroach (D:4)
  9 goblins
  2 hobgoblins
  2 jackals (D:1)
  A quokka (D:1)
  6 bats
  4 frilled lizards
  3 kobolds
  5 rats
53 creatures vanquished.

Notes
Turn   | Place    | Note
-------+----------+-------------------------------------------
     0 | D:1      | safid the Hill Orc Fighter began the quest for the Orb.
     0 | D:1      | Reached XP level 1. HP: 19/19 MP: 1/1
    48 | D:1      | Reached skill level 3 in Axes
    49 | D:1      | Reached XP level 2. HP: 25/27 MP: 2/2
   327 | D:1      | Reached XP level 3. HP: 30/33 MP: 3/3
  1084 | D:2      | Found Xaphooro's Assorted Antiques.
  1239 | D:2      | Found a blossoming altar of Fedhas.
  1411 | D:2      | Bought a scroll labelled FOCVIUK HOITENA for 24 gold pieces
  1986 | D:3      | Reached skill level 4 in Axes
  1986 | D:3      | Reached XP level 4. HP: 17/41 MP: 4/4
  2195 | D:3      | Reached XP level 5. HP: 30/47 MP: 5/5
  2459 | D:3      | Reached skill level 5 in Fighting
  2671 | D:3      | Found a sacrificial altar of Ru.
  2707 | D:3      | Found a shimmering altar of Xom.
  2776 | D:3      | Noticed Grinder
  2784 | D:3      | Killed Grinder
  2785 | D:3      | Reached skill level 5 in Axes
  2785 | D:3      | Reached skill level 5 in Shields
  2785 | D:3      | Reached XP level 6. HP: 5/56 MP: 6/6
  3086 | D:3      | Found a runed translucent gate.
  3086 | D:3      | Found a runed translucent gate.
  3086 | D:3      | Found a runed translucent gate.
  3088 | D:3      | Noticed Fondut's ghost (amateur KoGl)
  3295 | D:4      | Reached skill level 6 in Axes
  3663 | D:4      | Noticed a water moccasin
  3687 | D:3      | Slain by a water moccasin

Illustrated notes

Levels and vault maps discovered:
D:1:      giann_wishing_wells, layout_loops_corners, st_stairs_5,
          serial_park_tiny_1, dk_noncrumbling_3, minmay_misc_feat_tower,
          minivault_24
D:2:      layout_basic, basic_altar, serial_shops, nicolae_shop_waterfront,
          kennysheep_generic_room_6
D:3:      layout_basic, mainiacjoe_overflow_chevrons,
          nicolae_overflow_crystal_walls, gammafunk_ghost_nasty_kobolds,
          bh_walls_and_bars, uniq_grinder
D:4:      layout_basic, sigmund_army

Skill      XL: |  1  2  3  4  5  6 |
---------------+-------------------+-----
Axes           | 3 4 5 6 |  6.4
Fighting       | 4 5 |  5.0
Shields        | 4 5 |  5.8
Armour         | |  3.2

Action                   |  1- 3 |  4- 6 || total
-------------------------+-------+-------++-------
Melee: War axe           |    93 |    87 ||   180
  Use: Potion            |       |     2 ||     2
Armor: Scale mail        |    47 |    38 ||    85
Dodge: Dodged            |    19 |    33 ||    52
Block: Kite shield       |    65 |    47 ||   112
